 Dungeon Crawl Stone Soup version 0.29.1-12-g30fa7ad0bf (webtiles) character file.

Game seed: 11505494653864624945

16 hawla the Firebug (level 2, 0/20 HPs)
             Began as a Meteoran Fire Elementalist on Dec 27, 2022.
             Slain by a scorpion (5 damage)
             ... on level 3 of the Dungeon.
             The game lasted 00:01:15 (342 turns).

hawla the Firebug (Meteoran Fire Elementalist)       Turns: 342, Time: 00:01:16

Health: 0/20       AC:  2    Str:  9    XL:     2   Next: 94%
Magic:  0/7        EV: 12    Int: 16    God:
Gold:   58         SH:  0    Dex: 14    Spells: 4/7 levels left

rFire   . . .      SeeInvis .   (no weapon)
rCold   . . .      Faith    .   (no shield)
rNeg    . . .      Spirit   .   a - +0 robe
rPois   .          Reflect  .   (no helmet)
rElec   .          Harm     .   (no cloak)
rCorr   .          Rampage  .   (no gloves)
Will    .....                   (no boots)
Stlth   +.........              (no amulet)
HPRegen 0.06/turn               (no ring)
MPRegen 0.10/turn               (no ring)

@: lethally poisoned (0 -> -8), glowing
A: sense surroundings 1, otherworldly, glowing, explore regen
a: no special abilities


You were on level 3 of the Dungeon.
You visited 1 branch of the dungeon, and saw 3 of its levels.

You collected 58 gold pieces.

Inventory:

Armour
 a - a +0 robe (worn)
Jewellery
 d - a ring of magical power
Scrolls
 e - 3 scrolls of noise {unknown}
Potions
 b - a potion of magic
 c - 2 potions of lignification {unknown}
 f - a potion of berserk rage {unknown}
 g - a potion of curing {unknown}


   Skills:
 + Level 2.5 Dodging
 - Level 1.4 Stealth
 + Level 3.0 Spellcasting
 + Level 1.2 Conjurations
 + Level 4.3 Fire Magic


You had 4 spell levels left.
You knew the following spells:

 Your Spells              Type           Power      Damage    Failure   Level
a - Foxfire               Conj/Fire      44%        2x1d6     6%          1
b - Scorch                Fire           32%        2d6       4%          2

Your spell library contained the following spells:

 Spells                   Type           Power      Damage    Failure   Level
 Conjure Flame            Conj/Fire      11%        6-21      19%         3
 Inner Flame              Hex/Fire       9%         N/A       22%         3
 Ensorcelled Hibernation  Hex/Ice        4%         N/A       28%         2
 Spider Form              Tmut/Pois      2%         N/A       50%         3
 Flame Wave               Conj/Fire      11%        2d6       52%         4
 Anguish                  Hex/Necr       1%         N/A       88%         4


Dungeon Overview and Level Annotations

Branches:
Dungeon (3/15) Zot: 1455

Altars:


Innate Abilities, Weirdness & Mutations

You passively map a small area around you.
You are easily found by Zot.
You glow in the dark.
You regain HP and MP as you explore.


Message History

You closely miss the ball python.
The foxfire hits the ball python.
You kill the ball python!
HP restored.
Found a war axe.
Your foxfire dissipates!
You now have 53 gold pieces (gained 12).
You now have 58 gold pieces (gained 5).
You open the door.
There is an open door here.
You open the door.
A goblin, a bat, a scorpion, a frilled lizard and a rat come into view.
The goblin shouts!
The frilled lizard hisses angrily.
Casting: Foxfire (safe; 6% risk of failure)
Confirm with . or Enter, or press ? or * to list all spells.
Flames lash the frilled lizard.
You kill the frilled lizard!
The bat misses you. x2
Unknown command.
Casting: Scorch (safe; 4% risk of failure)
Confirm with . or Enter, or press ? or * to list all spells.
You conjure some foxfire!
The bat barely misses you. The scorpion stings you.
Casting: Foxfire (safe; 6% risk of failure)
Confirm with . or Enter, or press ? or * to list all spells.
Flames lash the bat.
You kill the bat!
You hear a shout!
You hear an angry hiss.
The foxfire hits the scorpion.
The scorpion is lightly wounded.
The foxfire hits the scorpion.
The scorpion is moderately wounded.
The scorpion stings you.
You are lethally poisoned!
The scorpion poisons you!
Your Spellcasting skill increases to level 3!
Casting: Scorch (safe; 4% risk of failure)
Confirm with . or Enter, or press ? or * to list all spells.
You conjure some foxfire!
* * * LOW HITPOINT WARNING * * *
You feel very sick. The scorpion stings you.
You die...

.# * * ##### #.# ,
##,* #...# #.# * ..
+.8.### #.#### #.
#...#.# #....##
#g#.v.#.#####.....#
*,, *
#s@8.'...........## *
+
#..#v..#####.........
,, ,, #.. #...#
##.....### * *, ,
,#.. +.8.# ##.#### *
,, ,+. #...# #.# *###
*# ########## #.# #.#
#.####...# ##+##
#####.#####
#......#.# ##...##
#....<....#
######...###.....## #


You could see a scorpion (ally target) and a goblin.

Vanquished Creatures
  A dart slug (D:2)
  A bat (D:3)
  2 endoplasms
  2 goblins
  2 hobgoblins (D:1)
  2 ball pythons
  2 frilled lizards
  A kobold (D:2)
13 creatures vanquished.

Vanquished Creatures (others)
  23 foxfires
23 creatures vanquished.

Grand Total: 36 creatures vanquished

Notes
Turn   | Place    | Note
-------+----------+-------------------------------------------
     0 | D:1      | hawla the Meteoran Fire Elementalist began the quest for
                  | the Orb.
     0 | D:1      | Reached XP level 1. HP: 14/14 MP: 5/5
    64 | D:1      | Reached XP level 2. HP: 20/20 MP: 0/6
    67 | D:1      | Learned a level 2 spell: Scorch
    97 | D:2      | Reached skill level 4 in Fire Magic
   338 | D:3      | Noticed a scorpion
   342 | D:3      | Slain by a scorpion

Illustrated notes

Levels and vault maps discovered:
D:1:      psy_arrival_conway, layout_basic,
          shapermc_ecumenical_altar_starsandcircs
D:2:      cheibrodos_greedy_goblins, layout_loops_corners,
          minmay_misc_feat_columns, uniq_jessica
D:3:      minmay_chambers_of_threes, layout_loops_corners,
          dreamdust_mushroom_princess

Skill      XL: |  1  2 |
---------------+-------+-----
Fire Magic     | 4 |  4.3
Spellcasting   | 3 |  3.0
Dodging        | |  2.5
Stealth        | |  1.4
Conjurations   | |  1.2

Action                   || total
-------------------------++-------
Melee: Unarmed           ||     2
 Cast: Foxfire           ||    14
       Scorch            ||     6
Armor: Robe              ||     1
Dodge: Dodged            ||     7
